 Dungeon Sprint DCSS version 0.20.1-1-g8b1a95d (console) character file.

4500000 hilaritas the Axe Maniac (level 26, -39/314 HPs)
             Began as a Troll Gladiator on Jan 20, 2018.
             Was the Champion of Makhleb.
             Annihilated by a destroyer
             ... wielding a +9 great sword of slicing
              (221 damage)
             ... in the Dungeon (Sprint VIII: "Arena of Blood").
             The game lasted 00:02:34 (45 turns).

hilaritas the Axe Maniac (Troll Gladiator)            Turns: 45, Time: 00:02:35

Health: -39/314    AC:  7    Str: 37    XL:     26   Next: 75%
Magic:  23/53      EV: 24    Int:  4    God:    Makhleb [******]
Gold:   0          SH:  0    Dex: 11    Spells: 79/79 levels left

rFire    . . .     SeeInvis .   l - +∞ Axe of Woe
rCold    . . .     Gourm    +   (shield currently unavailable)
rNeg     . . .     Faith    .   b - +0 robe
rPois    .         Spirit   .   c - +0 hat
rElec    .         Reflect  .   (no cloak)
rCorr    .         Harm     .   (gloves unavailable)
MR       +....     NoTele   +   (boots unavailable)
Stlth    +++++++++.             (no amulet)
Regen    1.1/turn               (no ring)
MPRegen  0.4/turn               (no ring)

@: no status effects
A: unfitting armour, claws 3, fast metabolism 3, gourmand, regeneration 1,
shaggy fur 1, tough skin 2
a: Minor Destruction, Lesser Servant of Makhleb, Major Destruction, Greater
Servant of Makhleb, Renounce Religion


You were in the Dungeon.
You worshipped Makhleb.
Makhleb was exalted by your worship.
You were not hungry.

You visited 1 branch

Inventory:

Hand Weapons
 a - a +0 war axe
 l - the +∞ Axe of Woe (weapon)
   (You found it in the Dungeon)
Missiles
 d - 3 throwing nets (quivered)
Armour
 b - a +0 robe (worn)
 c - a +0 hat (worn)
Scrolls
 k - a scroll of blinking
Potions
 e - a potion of curing
 g - a potion of heal wounds
 h - a potion of haste
 i - 2 potions of magic
 j - a potion of berserk rage
Comestibles
 f - 2 bread rations


   Skills:
 O Level 27 Fighting
 O Level 27 Axes
 O Level 27 Throwing
 O Level 27 Armour
 O Level 27 Dodging
 O Level 27 Stealth
 O Level 27 Unarmed Combat
 O Level 27 Spellcasting
 O Level 27 Invocations


You had 79 spell levels left.
You didn't know any spells.

Dungeon Overview and Level Annotations

Branches:
Dungeon (1/1)

Altars:
Makhleb

Annotations:
D The Servant


Innate Abilities, Weirdness & Mutations

You are too large for most types of armour.
You have claws for hands.
Your metabolism is lightning-fast.
You like to eat raw meat.
Your natural rate of healing is unusually fast.
You are covered in fur. (AC +1)
You have very tough skin. (AC +2)


Message History

You kill the bag of meat!
Makhleb accepts your kill.
You feel better.
You hear a shout! x5
A crawling corpse suddenly disappears!
The Servant hits you from afar with a +9 glaive of flaming!!!!
The Servant burns you!!
You hear a shout!
The crawling corpse is engulfed in blazing flames.
The crawling corpse is destroyed!
The bag of meat is engulfed in blazing flames. x3
The destroyer blinks!
The bag of meat is engulfed in blazing flames.
You hear a shout!
The bag of meat is engulfed in blazing flames. x2
You hear a shout! x3
The bag of meat is engulfed in blazing flames. x2
The destroyer hits you with a +9 great sword of slicing!!!!!
Ouch! That really hurt!
You die...

#......# . ..§...#
..........##.....#
#................#
.........###.....#
.............ooV.#
.....#.#....o.o..#
.........x.oo@O.@#
....#)#)#))ooz.Vo#
...))))x)o§§o§§o§#
..).)#)#)#oo#o§..#
#.....o.x§o#§oo..#
.........xoz#....#
..........X#.z...#
.................#
..#...#.....§##..#
.#....#...o.## ..#


You could see The Servant, 2 destroyers, 3 sculptors of flesh, a large bag of
meat (inner flame), a large abomination, 19 bags of meat and 2 crawling corpses.

Vanquished Creatures
  6 vampire knights (D)
  14 ogres (D)
  2 two-headed ogres (D)
  29 orcs (D)
51 creatures vanquished.

Vanquished Creatures (others)
  3 crawling corpses (D)
3 creatures vanquished.

Grand Total: 54 creatures vanquished

Notes
Turn   | Place    | Note
-------+----------+-------------------------------------------
     0 | D        | hilaritas the Troll Gladiator began the quest for the Orb.
     0 | D        | Reached XP level 1. HP: 19/19 MP: 0/0
     3 | D        | Noticed a bag of meat
     3 | D        | Noticed a meat berserker
     3 | D        | Killed a meat berserker
     3 | D        | Reached skill level 10 in Fighting
     3 | D        | Reached skill level 10 in Throwing
     3 | D        | Reached XP level 2. HP: 45/45 MP: 1/1
     3 | D        | Reached XP level 3. HP: 53/53 MP: 2/2
     3 | D        | Reached XP level 4. HP: 61/61 MP: 3/3
     3 | D        | Reached XP level 5. HP: 68/68 MP: 4/4
     3 | D        | Reached XP level 6. HP: 78/78 MP: 5/5
     3 | D        | Reached XP level 7. HP: 85/85 MP: 6/6
     3 | D        | Reached XP level 8. HP: 93/93 MP: 7/7
     3 | D        | Reached XP level 9. HP: 101/101 MP: 8/8
     3 | D        | Reached XP level 10. HP: 110/110 MP: 9/9
     3 | D        | Reached XP level 11. HP: 117/117 MP: 10/10
     3 | D        | Reached XP level 12. HP: 126/126 MP: 11/11
     3 | D        | Reached XP level 13. HP: 133/133 MP: 12/12
     4 | D        | Noticed a bag of meat
     5 | D        | Became a worshipper of Makhleb the Destroyer
     6 | D        | Noticed a bag of meat
     7 | D        | Noticed a bag of meat
     8 | D        | Noticed a bag of meat
     8 | D        | Killed a bag of meat
    10 | D        | Killed a bag of meat
    10 | D        | Reached XP level 14. HP: 143/143 MP: 13/13
    11 | D        | Noticed a bag of meat
    11 | D        | Noticed a meat berserker
    12 | D        | Noticed a meat berserker
    12 | D        | Killed a bag of meat
    12 | D        | Reached * piety under Makhleb
    12 | D        | Killed a bag of meat
    12 | D        | Reached skill level 27 in Axes
    12 | D        | Reached XP level 15. HP: 131/154 MP: 14/14
    15 | D        | Noticed a meat berserker
    16 | D        | Noticed a meat berserker
    16 | D        | Noticed a meat berserker
    16 | D        | Noticed a meat berserker
    16 | D        | Killed a meat berserker
    16 | D        | Reached ** piety under Makhleb
    17 | D        | Noticed a destroyer
    17 | D        | Noticed a meat berserker
    18 | D        | Noticed a meat berserker
    19 | D        | Noticed a meat berserker
    19 | D        | Killed a meat berserker
    19 | D        | Reached XP level 16. HP: 206/206 MP: 15/15
    19 | D        | Killed a meat berserker
    19 | D        | Reached skill level 27 in Fighting
    19 | D        | Reached XP level 17. HP: 226/226 MP: 16/16
    21 | D        | Noticed a meat berserker
    21 | D        | Killed a meat berserker
    21 | D        | Reached *** piety under Makhleb
    21 | D        | Killed a meat berserker
    21 | D        | Reached XP level 18. HP: 225/236 MP: 17/17
    21 | D        | Killed a destroyer
    21 | D        | Reached skill level 27 in Dodging
    22 | D        | Reached **** piety under Makhleb
    22 | D        | Killed a meat berserker
    22 | D        | Reached XP level 19. HP: 245/245 MP: 18/18
    22 | D        | Reached skill level 27 in Armour
    22 | D        | Reached skill level 5 in Invocations
    22 | D        | Reached ***** piety under Makhleb
    23 | D        | Noticed a meat berserker
    24 | D        | Noticed a destroyer
    24 | D        | Noticed a destroyer
    24 | D        | Reached XP level 20. HP: 256/256 MP: 18/33
    25 | D        | Noticed a meat berserker
    26 | D        | Noticed a destroyer
    26 | D        | Noticed a large bag of meat
    26 | D        | Noticed a large bag of meat
    26 | D        | Killed a meat berserker
    26 | D        | Reached skill level 27 in Invocations
    26 | D        | Killed a meat berserker
    26 | D        | Reached skill level 15 in Stealth
    27 | D        | Noticed a large bag of meat
    27 | D        | Killed a destroyer
    27 | D        | Reached XP level 21. HP: 265/265 MP: 18/37
    27 | D        | Reached ****** piety under Makhleb
    27 | D        | Reached XP level 22. HP: 275/275 MP: 18/38
    27 | D        | Reached skill level 27 in Stealth
    30 | D        | Noticed a destroyer
    31 | D        | Noticed The Servant
    31 | D        | Reached skill level 27 in Throwing
    31 | D        | Reached XP level 23. HP: 253/284 MP: 19/39
    32 | D        | Reached skill level 15 in Spellcasting
    32 | D        | Reached XP level 24. HP: 295/295 MP: 19/43
    33 | D        | Noticed a destroyer
    34 | D        | Killed a destroyer
    34 | D        | Reached skill level 27 in Unarmed Combat
    36 | D        | Killed a destroyer
    36 | D        | Reached skill level 27 in Spellcasting
    36 | D        | Reached XP level 25. HP: 143/304 MP: 20/53
    36 | D        | Killed a large bag of meat
    36 | D        | Killed a destroyer
    38 | D        | Killed a large bag of meat
    38 | D        | Killed a destroyer
    38 | D        | Reached XP level 26. HP: 240/314 MP: 21/53
    42 | D        | Noticed a destroyer
    43 | D        | Noticed a destroyer
    45 | D        | Annihilated by a destroyer

Skill      XL: |  1  2  3  4  5  6  7  8  9 10 11 12 13 14 15 16 17 18 19 20 21 22 23 24 |
---------------+-------------------------------------------------------------------------+-----
Fighting       | 10 11 24 27 | 27.0
Axes           | 18 23 27 | 27.0
Throwing       | 10 27 | 27.0
Dodging        | 17 18 26 27 | 27.0
Armour         | 25 27 | 27.0
Invocations    | 21 27 | 27.0
Stealth        | 20 25 27 | 27.0
Unarmed Combat | 25 27 | 27.0
Spellcasting   | 17 27 | 27.0

Action                   |  1- 3 |  4- 6 |  7- 9 | 10-12 | 13-15 | 16-18 | 19-21 | 22-24 | 25-27 || total
-------------------------+-------+-------+-------+-------+-------+-------+-------+-------+-------++-------
Melee: Executioner's axe |     1 |       |       |       |     5 |     2 |     3 |     5 |     4 ||    20
Dodge: Dodged            |       |       |       |       |       |       |       |       |     1 ||     1
